 Dungeon Crawl Stone Soup version 0.31.0-1-g2c135a0 (webtiles) character file.

Game seed: 1929221571947527291

198 mezmerelda the Covered (level 5, 0/47 HPs)
             Began as a Hill Orc Fighter on Feb 9, 2024.
             Slain by Eustachio
             ... wielding a +0 rapier
              (8 damage)
             ... on level 4 of the Dungeon.
             The game lasted 00:11:48 (2390 turns).

mezmerelda the Covered (Hill Orc Fighter)           Turns: 2390, Time: 00:11:51

Health: 0/47       AC: 11    Str: 21    XL:     5   Next: 76%
Magic:  5/5        EV:  8    Int:  8    God:
Gold:   28         SH:  4    Dex: 10    Spells: 4/4 levels left

rFire   + . .        a - +0 war axe
rCold   . . .        c - +0 buckler
rNeg    . . .        j - +0 chain mail
rPois   .            (no helmet)
rElec   .            (no cloak)
rCorr   .            (no gloves)
SInv    +            l - +0 pair of boots
Will    .....        (no amulet) Stlth
                     o - ring of see invisible
HPRegen 0.27/turn    q - ring of protection from fire
MPRegen 0.09/turn

%: no passive effects
@: mighty
A: no striking features
a: no special abilities


You were on level 4 of the Dungeon.
You visited 1 branch of the dungeon, and saw 4 of its levels.

You collected 120 gold pieces.
You spent 92 gold pieces at shops.

Inventory:

Hand Weapons
 a - a +0 war axe (weapon)
Armour
 c - a +0 buckler (worn)
 j - a +0 chain mail (worn)
 l - a +0 pair of boots (worn)
 p - a +0 cloak
Jewellery
 o - a ring of see invisible (left hand)
 q - a ring of protection from fire (right hand)
Scrolls
 b - a scroll of vulnerability {unknown}
 e - 2 scrolls of enchant weapon {unknown}
 f - 3 scrolls of noise
 g - a scroll of blinking {unknown}
 h - a scroll of enchant armour {unknown}
 i - a scroll of poison {unknown}
 m - 2 scrolls of fog {unknown}
 s - a scroll of amnesia {unknown}
Potions
 k - a potion of haste {unknown}
 n - a potion of curing
 r - a potion of enlightenment {unknown}


   Skills:
 + Level 4.8 Fighting
 + Level 4.3 Axes
 - Level 5.0 Armour
 - Level 4.0 Shields


You had 4 spell levels left.
You didn't know any spells.
Your spell library contained the following spells:

 Spells                   Type           Power      Damage    Failure   Level
 Mercury Vapours          Alch/Air       0%         N/A       99%         2
 Fugue of the Fallen      Necr           0%         N/A       100%        3
 Mephitic Cloud           Conj/Alch/Air  0%         N/A       100%        3
 Ozocubu's Armour         Ice            0%         N/A       100%        3
 Manifold Assault         Tloc           0%         N/A       100%        4
 Freezing Cloud           Conj/Ice/Air   0%         6-21      100%        5
 Metabolic Englaciation   Hex/Ice        0%         N/A       100%        5
 Sculpt Simulacrum        Ice/Alch       0%         N/A       100%        6


Dungeon Overview and Level Annotations

Branches:
Dungeon (4/15)
 Temple: D:4-7

Altars:
Xom

Shops:
D:1 ?   D:3 *

Annotations:
D:4 Eustachio, Pikel


Message History

You slash Eustachio!
Eustachio is almost dead.
You hit the shadow imp. You slash the shadow imp!
You kill the shadow imp!
The shadow imp disappears in a puff of smoke!
The shadow imp hits you. Eustachio hits you with a +0 rapier.
The shadow imp grins evilly.
The shadow imp gestures at you. Pain shoots through your body!
* * * LOW HITPOINT WARNING * * *
You barely miss Eustachio.
Eustachio is almost dead.
You hit the shadow imp. Eustachio hits you but does no damage.
The shadow imp hits you but does no damage.
You barely miss Eustachio.
Eustachio is almost dead.
You hit the shadow imp but do no damage.
Eustachio growls, "To hell with you, honourless miscreant!"
Eustachio hits you but does no damage. You block the shadow imp's attack.
Eustachio casts a spell.
Eustachio blinks!
The shadow imp gestures at you.
You barely resist.
Eustachio casts a spell.
You see here a scorpion corpse.
The shadow imp disappears in a puff of smoke!
You feel very mighty all of a sudden. The bat hits you but does no damage.
The quasit bites you but does no damage.
The quasit claws you but does no damage.
The quasit barely misses you.
Eustachio gestures wildly while chanting.
The bat barely misses you. The quasit bites you.
* * * LOW HITPOINT WARNING * * *
The quasit claws you but does no damage. x2
The quasit barely misses you.
The quasit claws you but does no damage. x2
Eustachio hits you with a +0 rapier!
You die...
Eustachio says, "Such is the fate of all honourless rascals."

##...##.#.#.# ###
#....##.#.#.# #..
......#.#.#.# #.#
........#.#<# #.#
....†.......######.#
.......>#........#.##
......#.########†...##
.....##.# ##..@#..#
....###.######b.@rb..#
.### #..........5r..#
.
#.######...†.#.......
#.# ##...##.######
#.....## .# ....####
.# ##.. .. #. @. #. ..


You could see Eustachio, a quasit (summoned), 2 river rats and 2 bats.

Vanquished Creatures
  2 lemures (D:3)
  A scorpion (D:4)
  A bombardier beetle (D:3)
  4 adders
  A ribbon worm (D:2)
  An orc (D:3)
  6 ball pythons
  7 endoplasms
  9 giant cockroaches
  4 goblins
  8 hobgoblins
  A jackal (D:3)
  6 kobolds
  4 quokkas
  5 bats
  4 frilled lizards
  2 rats (D:1)
66 creatures vanquished.

Notes
Turn   | Place    | Note
-------+----------+-------------------------------------------
     0 | D:1      | mezmerelda the Hill Orc Fighter began the quest for the
                  | Orb.
     0 | D:1      | Reached XP level 1. HP: 19/19 MP: 1/1
    99 | D:1      | Reached XP level 2. HP: 27/27 MP: 2/2
   488 | D:1      | Reached XP level 3. HP: 31/34 MP: 3/3
   691 | D:1      | Found Ifeloiq's Magic Scroll Boutique.
  1102 | D:2      | Found a shimmering altar of Xom.
  1338 | D:2      | Reached XP level 4. HP: 41/41 MP: 4/4
  1498 | D:3      | Found Aqenubbo's Assorted Antiques.
  1582 | D:1      | Bought a scroll of identify for 24 gold pieces
  1582 | D:1      | Bought a scroll of noise for 12 gold pieces
  1758 | D:4      | Noticed Pikel
  1758 | D:4      | Noticed a lemure
  1758 | D:4      | Noticed a lemure
  1758 | D:4      | Noticed a lemure
  1759 | D:4      | Noticed a lemure
  1794 | D:3      | Killed a lemure
  1812 | D:3      | Killed a lemure
  1896 | D:3      | Reached skill level 4 in Armour
  1973 | D:3      | Reached XP level 5. HP: 46/47 MP: 5/5
  2156 | D:3      | Bought a scroll labelled ZUEM NEOFOSU for 28 gold pieces
  2156 | D:3      | Bought a scroll labelled YPIKHEIMUCS for 28 gold pieces
  2366 | D:4      | Noticed Eustachio
  2373 | D:4      | Reached skill level 5 in Armour
  2390 | D:4      | Slain by Eustachio

Illustrated notes

Levels and vault maps discovered:
D:1:      dpeg_arrival_shrine, layout_basic, serial_shops,
          nicolae_shop_rolled_up
D:2:      layout_basic, basic_altar, minivault_23, roderic_lattice_a,
          minmay_misc_feat_room, uniq_natasha
D:3:      layout_loops_ring, serial_shops, nicolae_shop_hallway_plus,
          minmay_starry_boxes
D:4:      layout_loops_ring, uniq_eustachio, uniq_pikel

Skill      XL: |  1  2  3  4  5 |
---------------+----------------+-----
Axes           | 3 4 |  4.3
Fighting       | 4 |  4.8
Armour         | 4 5 |  5.0
Shields        | 4 |  4.0

Action                     |  1- 3 |  4- 6 || total
---------------------------+-------+-------++-------
  Melee: War axe           |    97 |   133 ||   230
    Use: Scroll            |       |     3 ||     3
         Potion            |       |     2 ||     2
 Armour: Scale mail        |    30 |       ||    30
         Chain mail        |     7 |   148 ||   155
  Dodge: Dodged            |    44 |    61 ||   105
  Block: Buckler           |    14 |    22 ||    36
